 Dungeon Crawl Stone Soup version 0.16-a0-2010-g98bc240 (webtiles) character file.

213 Kraw the Ruffian (level 5, -3/45 HPs)
             Began as a Troll Venom Mage on Nov 9, 2014.
             Was an Initiate of Vehumet.
             Slain by an ogre
             ... wielding a +0 giant club
              (16 damage)
             ... on level 4 of the Dungeon.
             The game lasted 00:14:39 (3173 turns).

Kraw the Ruffian (Troll Venom Mage)                 Turns: 3173, Time: 00:14:39

Health: -3/45      AC:  5    Str: 16    XL:     5   Next: 59%
Magic:  4/4        EV:  9    Int: 12    God:    Vehumet [......]
Gold:   197        SH:  0    Dex: 10    Spells: 2 memorised, 2 levels left

rFire  . . .     SeeInvis .       - Unarmed
rCold  . . .     Clarity  .     a - +0 robe
rNeg   . . .     SustAb   .     (shield restricted)
rPois  .         Gourm    +     (helmet restricted)
rElec  .         Spirit   .     (no cloak)
rCorr  .         Warding  .     (gloves unavailable)
rMut   .         Stasis   .     (boots unavailable)
MR     .....                    (no amulet)
Stlth  +.........               (no ring)
                                (no ring)

@: not resistant to hostile enchantments, very unstealthy
A: unfitting armour, claws 3, fast metabolism 3, gourmand, regeneration 2,
shaggy fur 1, tough skin 2
a: Renounce Religion


You were on level 4 of the Dungeon.
You worshipped Vehumet.
Vehumet was noncommittal.
You were very full.

You visited 2 branches of the dungeon, and saw 5 of its levels.

You collected 197 gold pieces.

Inventory:

Hand weapons
 h - a +0 blowgun
Missiles
 p - 4 curare-tipped needles
 s - 3 tomahawks (quivered)
 v - 26 poisoned needles
Armour
 a - a +0 robe (worn)
 n - a cursed +0 robe
Jewellery
 f - a +4 ring of evasion {unknown}
 g - an uncursed amulet of stasis {unknown}
Scrolls
 k - 5 scrolls of immolation {unknown}
 l - a scroll of amnesia {unknown}
 m - 2 scrolls of identify {unknown}
 o - a scroll of fog {unknown}
 q - 2 scrolls of teleportation {unknown}
 r - a scroll of remove curse {unknown}
 t - a scroll of enchant armour {unknown}
 u - a scroll of enchant weapon {unknown}
Potions
 d - 3 potions of curing {unknown}
 e - a potion of resistance {unknown}
 i - a potion of haste {unknown}
 j - a potion of agility {unknown}
Books
 b - a Young Poisoner's Handbook

   Spells                             Type                      Level
   *Sting                             Conjuration/Poison           1
   Cure Poison                        Poison                       2
   *Mephitic Cloud                    Conjuration/Poison/Air       3
   Olgreb's Toxic Radiance            Poison                       4
   Venom Bolt                         Conjuration/Poison           5
Comestibles
 c - 5 meat rations


   Skills:
 - Level 1.5 Dodging
 - Level 1.1 Stealth
 + Level 5.4 Unarmed Combat
 - Level 1.2 Spellcasting
 - Level 2.9 Poison Magic


You had 2 spell levels left.
You knew the following spells:

 Your Spells              Type           Power        Failure   Level  Hunger
a - Sting                 Conj/Pois      #...         17%         1    ##.....
b - Mephitic Cloud        Conj/Pois/Air  #.......     69%         3    ####...


Dungeon Overview and Level Annotations

Branches:
Dungeon (4/15)             Temple (1/1) D:4

Altars:
Ashenzari
Cheibriados
Dithmenos
Fedhas
Gozag
Kikubaaqudgha
Nemelex Xobeh
Okawaru
Ru
Sif Muna
Trog
Vehumet
Yredelemnul
Zin

Shops:
D:4 (


Innate Abilities, Weirdness & Mutations

You are too large for most types of armour.
You have claws for hands.
Your metabolism is lightning-fast.
You like to eat raw meat.
You heal very quickly.
You are covered in fur (AC +1).
You have very tough skin (AC +2).


Message History

The ogre hits you with a giant club!
You scratch the ogre but do no damage.
The ogre is moderately wounded.
The ogre barely misses you.
You claw the ogre!
The ogre is severely wounded.
You barely miss the ogre.
The ogre is severely wounded.
The ogre barely misses you.
You scratch the ogre.
The ogre is severely wounded.
The ogre hits you with a giant club!!
Ouch! That really hurt!
* * * LOW HITPOINT WARNING * * *
You scratch the ogre but do no damage.
The ogre is severely wounded.
You scratch the ogre.
The ogre is almost dead.
The ogre hits you with a giant club!
You die...

###+#######.####+#
##§§§##...#
............#.....#
##§§ ##..#
............+.....
.## ≈≈##.#
.#.....##..###..#
#≈≈≈###
####'###.)###..##
.##≈≈§
#.....<........#
...##§§
#..............##
....##≈
#...............#++#
### #§
#............O@....#
#...###..##....#####
#.### #..##...## ###
....###### .....
....


You could see an ogre (bleeding).

Vanquished Creatures
  A worker ant (D:4)
  5 adders
  3 gnolls (D:2)
  A worm (D:4)
  A giant gecko (D:1)
  2 oozes
  3 orcs
  A ball python (D:1)
  5 bats
  5 giant cockroaches
  12 hobgoblins
  21 jackals
  A quokka (D:2)
  6 giant newts
  9 goblins
  A goblin skeleton (D:4)
  14 kobolds
  11 rats
102 creatures vanquished.

Notes
Turn   | Place    | Note
--------------------------------------------------------------
     0 | D:1      | Kraw, the Troll Venom Mage, began the quest for the Orb.
     0 | D:1      | Reached XP level 1. HP: 16/16 MP: 2/2
    97 | D:1      | Reached skill level 1 in Unarmed Combat
   173 | D:1      | Reached XP level 2. HP: 7/24 MP: 1/2
  1089 | D:1      | Reached XP level 3. HP: 31/31 MP: 1/3
  1145 | D:2      | Reached skill level 3 in Unarmed Combat
  1263 | D:2      | Reached XP level 4. HP: 39/39 MP: 1/4
  1420 | D:2      | Reached skill level 4 in Unarmed Combat
  1611 | D:2      | Learned a level 3 spell: Mephitic Cloud
  2111 | D:3      | Reached XP level 5. HP: 45/45 MP: 1/4
  2405 | D:4      | Reached skill level 5 in Unarmed Combat
  2631 | D:4      | Found a staircase to the Ecumenical Temple.
  2641 | Temple   | Entered the Ecumenical Temple
  2787 | Temple   | Became a worshipper of Vehumet
  2829 | D:4      | Found a bloodstained altar of Trog.
  2830 | D:4      | Found a glowing silver altar of Zin.
  2989 | D:4      | Found Grariali's Antique Weapon Shoppe.
  3150 | D:4      | Noticed an ogre
  3173 | D:4      | Slain by an ogre

Action                   |  1- 3 |  4- 6 || total
-------------------------+-------+-------++-------
Melee: Unarmed           |    96 |   167 ||   263
 Cast: Sting             |    21 |    44 ||    65
 Stab: Sleeping          |       |     1 ||     1
  Eat: Chunk             |    18 |    19 ||    37
